 Dungeon Crawl Stone Soup version 0.21.0-3-g78d12a8 (webtiles) character file.

46 Faca the Skirmisher (level 3, 0/30 HPs)
             Began as a Formicid Abyssal Knight on Jan 11, 2018.
             Was a Believer of Lugonu.
             Succumbed to an adder's poison
             ... on level 2 of the Dungeon.
             The game lasted 00:02:25 (1118 turns).

Faca the Skirmisher (Formicid Abyssal Knight)       Turns: 1118, Time: 00:02:26

Health: 0/30       AC:  6    Str: 21    XL:     3   Next: 92%
Magic:  5/5        EV:  8    Int: 11    God:    Lugonu [**....]
Gold:   56         SH:  7    Dex: 11    Spells: 2/2 levels left

rFire    . . .     SeeInvis +   a - +1 falchion
rCold    . . .     Gourm    .   b - +0 shield (curse)
rNeg     . . .     Faith    .   f - +0 ring mail
rPois    .         Spirit   .   (helmet unavailable)
rElec    .         Reflect  .   (no cloak)
rCorr    .         Harm     .   (no gloves)
MR       .....                  e - +0 pair of boots
Stlth    +.........             (no amulet)
HPRegen  0.10/turn              (no ring)
MPRegen  0.09/turn              (no ring)

@: mighty, lethally poisoned (0 -> -5)
A: permanent stasis, dig shafts and tunnels, four strong arms, antennae 3
a: Dig, Shaft Self, Depart the Abyss, Bend Space, Renounce Religion


You were on level 2 of the Dungeon.
You worshipped Lugonu.
Lugonu was pleased with you.
You were not hungry.

You visited 1 branch of the dungeon, and saw 2 of its levels.
You visited the Abyss 1 time.

You collected 56 gold pieces.

Inventory:

Hand Weapons
 a - a +1 falchion (weapon)
Armour
 b - a cursed +0 shield (worn)
 e - a +0 pair of boots (worn)
 f - a +0 ring mail (worn)
 g - a cursed +0 chain mail
Comestibles
 c - a ration


   Skills:
 + Level 3.7 Fighting
 + Level 2.4 Long Blades
 + Level 2.8 Armour
 - Level 1.2 Dodging
 + Level 0.2 Shields
 + Level 2.9 Invocations


You had 2 spell levels left.
You didn't know any spells.

Dungeon Overview and Level Annotations

Branches:
Dungeon (2/15)

Altars:
Ashenzari


Innate Abilities, Weirdness & Mutations

You cannot be hasted, slowed, berserked, paralysed or teleported.
You can dig through walls and to a lower floor.
Your four strong arms can wield two-handed weapons with a shield.
You have a pair of large antennae on your head. (SInv)


Message History

The hobgoblin barely misses you.
You riposte.
You hit the hobgoblin.
The hobgoblin is severely wounded.
The adder bites you.
* * * LOW HITPOINT WARNING * * *
You closely miss the adder.
The adder is severely wounded.
You block the adder's attack.
The hobgoblin hits you but does no damage.
The adder bites you.
* * * LOW HITPOINT WARNING * * *
You are lethally poisoned!
The adder poisons you!
It was a potion of might.
You feel very mighty all of a sudden.
* * * LOW HITPOINT WARNING * * *
You feel sick. You block the hobgoblin's attack.
The adder bites you but does no damage.
You completely miss the adder.
The adder is severely wounded.
You die...

#######..#.. ..
..........# ...
#.......... ....
#.<.......# ..#
#....(..... ...
#........# #.#
#........##
#.S####..........
#g@.##..........
###..#........#. ..
#........##...###..
#........#........#
#..................
#....###.#...........
#.### #.#...........
... ####.#...........
.. #..............(.


You could see an adder and a hobgoblin.

Vanquished Creatures
  2 adders (D:2)
  2 dart slugs (D:1)
  2 hobgoblins
  2 bats (D:2)
  A frilled lizard (D:2)
  9 goblins
  2 kobolds (D:1)
  4 rats (D:1)
24 creatures vanquished.

Notes
Turn   | Place    | Note
-------+----------+-------------------------------------------
     0 | Abyss:1  | Faca the Formicid Abyssal Knight began the quest for the Orb.
     0 | Abyss:1  | Reached XP level 1. HP: 18/18 MP: 2/2
    19 | D:1      | Escaped the Abyss
   194 | D:1      | Found a shattered altar of Ashenzari.
   212 | D:1      | Reached skill level 1 in Dodging
   342 | D:1      | Reached XP level 2. HP: 22/24 MP: 3/3
   756 | D:1      | Reached XP level 3. HP: 29/29 MP: 4/4
  1095 | D:2      | Reached ** piety under Lugonu
  1116 | D:2      | HP: 1/30 [adder (4)]
  1118 | D:2      | Succumbed to an adder's poison

Skill      XL: |  1 |
---------------+----+-----
Dodging        | 1 |  1.2
Fighting       | |  3.7
Long Blades    | |  2.4
Armour         | |  2.8
Shields        | |  0.2
Invocations    | |  2.9

Action                   || total
-------------------------++-------
Melee: Falchion          ||    78
  Use: Scroll            ||     1
       Potion            ||     1
  Eat: Chunk             ||     1
Armor: Ring mail         ||    35
Dodge: Dodged            ||    35
Block: Shield            ||    28
       Rpst.: Falchion   ||    13
